 Dungeon Crawl Stone Soup version 0.23.2-30-g0e89c35649 (webtiles) character file.

Game seed: 8010825016446593492

54 doot the Conjurer (level 3, 0/19 HPs)
             Began as a Tengu Conjurer on June 14, 2019.
             Succumbed to a kobold's poison
             ... on level 5 of the Dungeon.
             The game lasted 00:02:33 (1643 turns).

doot the Conjurer (Tengu Conjurer)                  Turns: 1643, Time: 00:02:33

Health: 0/19       AC:  2    Str: 10    XL:     3   Next: 91%
Magic:  7/7        EV: 13    Int: 16    God:
Gold:   22         SH:  0    Dex: 14    Spells: 0/6 levels left

rFire    . . .     SeeInvis .   h - +0 dagger
rCold    . . .     Gourm    .   (no shield)
rNeg     . . .     Faith    .   a - +0 robe
rPois    .         Spirit   .   (helmet restricted)
rElec    .         Reflect  .   (no cloak)
rCorr    .         Harm     .   (no gloves)
MR       .....                  (boots unavailable)
Stlth    ++........             (no amulet)
HPRegen  0.06/turn              (no ring)
MPRegen  0.10/turn              (no ring)

@: lethally poisoned (0 -> -4), very slightly contaminated, invisible
A: beak, horns 1, talons 3, strong 1
a: no special abilities


You were on level 5 of the Dungeon.
You were not hungry.

You visited 1 branch of the dungeon, and saw 5 of its levels.

You collected 22 gold pieces.

Inventory:

Hand Weapons
 h - a +0 dagger (weapon)
 j - a +0 spear
Armour
 a - a +0 robe (worn)
Wands
 i - a wand of disintegration (9)
Scrolls
 b - 2 scrolls of identify {unknown}
 e - a scroll of enchant weapon {unknown}
 f - a scroll of remove curse {unknown}
 g - a scroll of blinking {unknown}
 l - a scroll of teleportation {unknown}
 m - a scroll of fog {unknown}
Comestibles
 c - a ration


   Skills:
 + Level 0.1 Fighting
 + Level 2.3 Dodging
 + Level 2.0 Stealth
 + Level 2.4 Spellcasting
 + Level 6.6 Conjurations


You couldn't memorise any spells.
You knew the following spells:

 Your Spells              Type           Power        Failure   Level  Hunger
a - Magic Dart            Conj           ###.         1%          1    #......
b - Searing Ray           Conj           ###...       1%          2    ###....
c - Dazzling Spray        Conj/Hex       ##....       16%         3    ###....

Your spell library contained the following spells:

 Spells                   Type           Power        Failure   Level  Hunger
 Iskenderun's Mystic Bla  Conj           ###.....     13%         4    #####..
 Force Lance              Conj/Tloc      ##......     45%         4    #####..
 Fulminant Prism          Conj/Hex       ##........   45%         4    #####..


Dungeon Overview and Level Annotations

Branches:
Dungeon (5/15)
 Temple: D:4-7

Altars:
Ashenzari
Fedhas
Okawaru
Wu Jian


Innate Abilities, Weirdness & Mutations

You have a beak for a mouth.
You have claws for feet.
You have a pair of small horns on your head.
Your muscles are strong. (Str +2)


Message History

You feel sick.
You fall through a shaft!
The shaft crumbles and collapses.
* * * LOW HITPOINT WARNING * * *
You feel sick.
Found an escape hatch in the floor.
Found a stone staircase leading down.
An orc comes into view. It is wielding a +0 club.
* * * LOW HITPOINT WARNING * * *
You feel sick.
There is an escape hatch in the floor here.
You slide downwards.
The hatch slams shut behind you.
Found a ration.
Unknown command.
* * * LOW HITPOINT WARNING * * *
You feel sick.
Found a dagger.
A dart slug comes into view.
Found a grey potion.
A quokka comes into view.
You die...

........ ........
######....###
............#
........#...#
............###.
.................
...#...#.######..
.......@...#
.).%..#..##w.#
..... ..#.# #!#
.... ..#.#r# #
... #.. . ## ..
... ## . ...#
.#..


You could see a dart slug (sleeping) and a quokka (sleeping).

Vanquished Creatures
  2 adders (D:2)
  An ooze (D:2)
  A worm (D:2)
  2 dart slugs (D:2)
  A leopard gecko (D:2)
  4 giant cockroaches
  3 goblins
  A hobgoblin (D:2)
  4 bats (D:2)
  3 kobolds
  A rat (D:2)
23 creatures vanquished.

Notes
Turn   | Place    | Note
-------+----------+-------------------------------------------
     0 | D:1      | doot the Tengu Conjurer began the quest for the Orb.
     0 | D:1      | Reached XP level 1. HP: 10/10 MP: 4/4
   106 | D:1      | You fall through a shaft!
   204 | D:2      | Found an iron altar of Okawaru.
   207 | D:2      | Found a blossoming altar of Fedhas.
   207 | D:2      | Found a shattered altar of Ashenzari.
   207 | D:2      | Found an ornate altar of the Wu Jian Council.
   265 | D:2      | Reached XP level 2. HP: 15/15 MP: 3/6
   292 | D:2      | Learned a level 2 spell: Searing Ray
   452 | D:2      | Reached skill level 6 in Conjurations
   506 | D:2      | Found a shattered altar of Ashenzari.
   662 | D:2      | Reached XP level 3. HP: 19/19 MP: 2/7
  1573 | D:3      | Learned a level 3 spell: Dazzling Spray
  1620 | D:3      | Gained mutation: Your muscles are strong. (Str +2) [potion
                  | of mutation]
  1620 | D:3      | Gained mutation: You have a pair of small horns on your
                  | head. [potion of mutation]
  1634 | D:3      | You fall through a shaft!
  1639 | D:5      | Entered Level 5 of the Dungeon
  1643 | D:5      | Succumbed to a kobold's poison

Skill      XL: |  1  2 |
---------------+-------+-----
Conjurations   | 6 |  6.6
Fighting       | |  0.1
Dodging        | |  2.3
Stealth        | |  2.0
Spellcasting   | |  2.4

Action                   || total
-------------------------++-------
Melee: Dagger            ||     7
       Kick              ||     1
       Peck              ||     1
 Cast: Magic Dart        ||    47
       Searing Ray       ||     4
  Use: Potion            ||     3
  Eat: Chunk             ||     3
Armor: Robe              ||     1
Dodge: Dodged            ||    17
